 Dungeon Crawl Stone Soup version 0.18-a0-1577-gf591c28 (webtiles) character file.

14137 mrath the Basher (level 11, -3/95 HPs)
             Began as a Minotaur Fighter on Mar 22, 2016.
             Was a High Priest of Okawaru.
             Slain by a four-headed hydra (4 damage)
             ... on level 4 of the Lair of Beasts.
             The game lasted 01:04:46 (13673 turns).

mrath the Basher (Minotaur Fighter)                Turns: 13673, Time: 01:04:46

Health: -3/95      AC: 16    Str: 24    XL:     11   Next: 84%
Magic:  14/14      EV:  2    Int:  5    God:    Okawaru [*****.]
Gold:   671        SH:  0    Dex: 10    Spells: 0 memorised, 10 levels left

rFire  . . .     SeeInvis .     E - +3 whip (freeze)
rCold  . . .     Gourm    .     J - +0 plate armour
rNeg   + + +     Faith    .     c - +1 shield
rPois  ∞         Spirit   .     (helmet restricted)
rElec  .         Dismiss  .     g - +0 cloak
rCorr  .         Reflect  .     (no gloves)
SustAt +         Harm     .     b - +0 pair of boots
MR     .....                    (no amulet)
Stlth  ..........               (no ring)
                                p - ring of sustain attributes

@: petrified, not resistant to hostile enchantments, extremely unstealthy
A: retaliatory headbutt, horns 2
a: Heroism, Finesse, Renounce Religion


You were on level 4 of the Lair of Beasts.
You worshipped Okawaru.
Okawaru was extremely pleased with you.
You were not hungry.

You visited 3 branches of the dungeon, and saw 13 of its levels.

You collected 671 gold pieces.

Inventory:

Hand Weapons
 E - a +3 whip of freezing (weapon)
Missiles
 H - 2 tomahawks (quivered)
 R - 8 tomahawks of returning
Armour
 b - a +0 pair of boots (worn)
 c - a +1 shield (worn)
 g - a +0 cloak (worn)
 J - a +0 plate armour (worn)
Rods
 e - a +0 rod of ignition (9/9)
   (You found it on level 3 of the Lair of Beasts)
Jewellery
 p - a ring of sustain attributes (left hand)
Wands
 u - a wand of teleportation (4/9)
 F - a wand of lightning (1/15)
 G - a wand of iceblast (5/15)
 V - a wand of acid (11/15)
Scrolls
 k - 2 scrolls of identify
 y - a scroll of blinking
 S - 2 scrolls of remove curse
Potions
 h - a potion of resistance
 v - 5 potions of curing
Comestibles
 a - 14 chunks of flesh
 d - 10 fruits
 f - 2 meat rations


   Skills:
 + Level 8.8 Fighting
 + Level 14.2 Maces & Flails
 + Level 8.8 Armour
 + Level 7.2 Dodging
 + Level 8.5 Shields
 + Level 1.5 Invocations
 + Level 6.2 Evocations


You had 10 spell levels left.
You didn't know any spells.

Dungeon Overview and Level Annotations

Branches:
Dungeon (8/15)             Temple (1/1) D:6            Lair (4/8) D:8
  Swamp: Lair:3-6    Shoals: Lair:3-6     Snake: Lair:3-6    Spider: Lair:3-6

Altars:
Ashenzari
Cheibriados
Dithmenos
Elyvilon
Fedhas
Gozag
Kikubaaqudgha
Makhleb
Nemelex Xobeh
Okawaru
Pakellas
Qazlal
Ru
Sif Muna
Trog
Vehumet
Xom
Yredelemnul
Zin
The Shining One

Shops:
D:4 *   D:6 =(   D:8 (

Annotations:
D:5 exclusion: statue


Innate Abilities, Weirdness & Mutations

You reflexively headbutt those who attack you in melee.
You have a pair of horns on your head.


Message History

The four-headed hydra bites you!
* * * LOW HITPOINT WARNING * * *
The four-headed hydra bites you but does no damage.
The basilisk gazes at you. You resist with some effort.
The four-headed hydra completely misses you.
The four-headed hydra bites you.
* * * LOW HITPOINT WARNING * * *
The four-headed hydra completely misses you.
The four-headed hydra bites you but does no damage.
The basilisk bites you but does no damage.
The four-headed hydra bites you but does no damage.
The four-headed hydra bites you.
* * * LOW HITPOINT WARNING * * *
The four-headed hydra bites you but does no damage. x2
The basilisk barely misses you. The four-headed hydra bites you!
* * * LOW HITPOINT WARNING * * *
The four-headed hydra bites you but does no damage.
The four-headed hydra bites you!
You die...

........(....... .... ##
............... .....# ##.
.............# ..#..# ##..
.............#.. .....###...
............... ..........#
..........P# #.......##
.(..(.....P# #.###...♣♣
..........#########.#..>.♣#.
..........D@....##....#....#
..........l.........#.##..##
.[......#.P...#.###.#..#...#
...#.P.##.###.### ###..#....
.P##### #.. ### #.#.##.. .#
#... ####.##. ##.. .### .. #
# #.


You could see a four-headed hydra and a basilisk.

Vanquished Creatures
  Gastronok (D:8)
  Harold (Lair:2)
  A hydra (Lair:3)
  Pikel (D:5)
  The ghost of Uhlv the Shield-Bearer, a novice GrFi of Okawaru (D:6)
  A black mamba (Lair:1)
  A komodo dragon (Lair:1)
  6 spiny frogs
  2 rime drakes (Lair:1)
  7 blink frogs (Lair:1)
  The ghost of M4edhros the Sneak, an amateur OpAr (D:4)
  10 yaks
  2 basilisks
  A hippogriff (Lair:2)
  7 water moccasins
  4 porcupines
  2 black bears (D:6)
  Duvessa (D:5)
  3 slaves (D:5)
  An ice beast (D:7)
  3 sky beasts
  A phantom (D:6)
  6 crocodiles
  2 centaurs
  Dowan (D:5)
  10 giant frogs
  A water moccasin zombie (D:7)
  3 killer bees
  3 howler monkeys
  5 crimson imps
  A giant frog skeleton (D:5)
  A hound (D:8)
  2 orc priests
  An orc wizard (D:8)
  4 iguanas
  6 worker ants
  A killer bee zombie (D:5)
  A hound zombie (D:7)
  3 gnolls (D:2)
  5 adders
  20 river rats
  An adder skeleton (D:8)
  A worm (D:3)
  2 dart slugs
  3 giant geckos
  17 orcs
  A ball python (D:3)
  A bat (D:1)
  8 giant cockroaches
  6 goblins
  3 hobgoblins
  3 jackals (D:8)
  2 quokkas
  6 giant newts
  3 kobolds
  A quokka skeleton (D:8)
  A quokka zombie (D:6)
  8 rats
201 creatures vanquished.

Vanquished Creatures (others)
  A slave (D:5)
  3 fungi
4 creatures vanquished.

Grand Total: 205 creatures vanquished

Notes
Turn   | Place    | Note
--------------------------------------------------------------
     0 | D:1      | mrath the Minotaur Fighter began the quest for the Orb.
     0 | D:1      | Reached XP level 1. HP: 19/19 MP: 0/0
   150 | D:1      | Reached skill level 3 in Maces & Flails
   264 | D:1      | Reached XP level 2. HP: 24/26 MP: 1/1
   958 | D:2      | Reached skill level 4 in Maces & Flails
  1114 | D:2      | Reached XP level 3. HP: 20/31 MP: 2/2
  1260 | D:2      | Reached skill level 5 in Maces & Flails
  1529 | D:2      | You fall through a shaft!
  1756 | D:3      | Reached XP level 4. HP: 36/39 MP: 3/3
  2278 | D:3      | Found a snail-covered altar of Cheibriados.
  2278 | D:3      | Found a sacrificial altar of Ru.
  2705 | D:4      | Reached skill level 6 in Maces & Flails
  2823 | D:4      | Reached XP level 5. HP: 45/45 MP: 4/4
  2951 | D:4      | Reached skill level 7 in Maces & Flails
  3271 | D:4      | Noticed M4edhros's ghost (amateur OpAr)
  3277 | D:4      | Killed M4edhros's ghost
  3277 | D:4      | Reached skill level 8 in Maces & Flails
  3277 | D:4      | Reached XP level 6. HP: 51/51 MP: 5/5
  3349 | D:4      | Found an opulent altar of Gozag.
  3353 | D:4      | Found Gozag's Platinum Reserve.
  3400 | D:5      | Entered Level 5 of the Dungeon
  3446 | D:5      | Reached skill level 9 in Maces & Flails
  3446 | D:5      | Reached XP level 7. HP: 25/57 MP: 6/6
  3824 | D:5      | Found a radiant altar of Vehumet.
  3921 | D:5      | Reached skill level 10 in Maces & Flails
  4163 | D:5      | Noticed Dowan
  4164 | D:5      | Noticed Duvessa
  4193 | D:5      | Killed Duvessa
  4199 | D:5      | Killed Dowan
  4663 | D:5      | Noticed Pikel
  4700 | D:5      | Killed Pikel
  4700 | D:5      | Reached skill level 12 in Maces & Flails
  4700 | D:5      | Reached XP level 8. HP: 35/64 MP: 7/7
  4951 | D:6      | Found Pezew's Jewellery Shoppe.
  5029 | D:6      | Noticed Uhlv's ghost (novice GrFi)
  5510 | D:6      | Killed Uhlv's ghost
  5510 | D:6      | Reached skill level 1 in Evocations
  5874 | D:6      | Reached XP level 9. HP: 62/72 MP: 9/9
  5921 | D:6      | Found a sparkling altar of Nemelex Xobeh.
  5933 | D:6      | Found Paodoski's Antique Weapon Shoppe.
  6478 | D:6      | Found a staircase to the Ecumenical Temple.
  6482 | Temple   | Entered the Ecumenical Temple
  6535 | Temple   | Became a worshipper of Warmaster Okawaru
  6871 | D:7      | Found a sparkling altar of Nemelex Xobeh.
  6886 | D:7      | Reached skill level 5 in Fighting
  6950 | D:6      | Reached skill level 5 in Armour
  7209 | D:6      | Reached skill level 5 in Shields
  7395 | D:7      | Found a blossoming altar of Fedhas.
  7993 | D:8      | Found a staircase to the Lair.
  7993 | D:8      | Noticed Gastronok
  7995 | D:8      | Reached * piety under Okawaru
  8148 | D:8      | Killed Gastronok
  8148 | D:8      | Reached ** piety under Okawaru
  8148 | D:8      | Reached skill level 13 in Maces & Flails
  8148 | D:8      | Reached XP level 10. HP: 80/84 MP: 9/11
  8357 | D:8      | Found Waatod's Weapon Emporium.
  8778 | Lair:1   | Entered Level 1 of the Lair of Beasts
  8884 | Lair:1   | Reached *** piety under Okawaru
  9366 | Lair:1   | Noticed a black mamba
  9372 | Lair:1   | Killed a black mamba
  9372 | Lair:1   | Reached skill level 5 in Dodging
  9385 | Lair:1   | Noticed a spiny frog
  9405 | Lair:1   | Killed a spiny frog
 10054 | Lair:1   | Reached **** piety under Okawaru
 10158 | Lair:1   | Reached skill level 5 in Evocations
 10181 | Lair:1   | Reached XP level 11. HP: 63/92 MP: 13/13
 10728 | Lair:2   | Found a shadowy altar of Dithmenos.
 10889 | Lair:2   | Noticed Harold
 11149 | Lair:2   | Received a gift from Okawaru
 11815 | Lair:2   | Killed Harold
 11815 | Lair:2   | Reached ***** piety under Okawaru
 12431 | Lair:3   | Noticed a six-headed hydra
 12446 | Lair:3   | Killed a six-headed hydra
 12446 | Lair:3   | Reached skill level 14 in Maces & Flails
 13168 | Lair:3   | Reached skill level 1 in Invocations
 13480 | Lair:3   | Identified a +0 rod of ignition (9/9) (You found it on level 3 of the Lair of Beasts)
 13643 | Lair:4   | Noticed a four-headed hydra
 13673 | Lair:4   | HP: 1/95 [four-headed hydra (4)]
 13673 | Lair:4   | Slain by a four-headed hydra

Vault maps used:
D:1:      sevenhm_arrival_forest_fort_small_3, minmay_misc_feat_cross,
          fountainhead
D:3:      mumra_celtic_spiral_tile, gammafunk_temple_overflow_wave
D:4:      nicolae_gozag_zags_fifth_avenue, first_bread
D:5:      vehumet_statue, uniq_duvessa, uniq_pikel
D:6:      temple_hall_moat, serial_shops, shop, nicolae_shop_crystal,
          dk_noncrumbling_2, minmay_misc_feat_nine_boxes,
          nemelex_diamond_rough_becter
D:7:      overflow_temple_1_default, lemuel_crystal_altar
D:8:      dpeg_lair_monsters, serial_shops, shop, uniq_gastronok
Temple:   water_room_temple_a_12
Lair:1:   lemuel_fruit_tree, lemuel_fruit_fields
Lair:2:   basic_altar, uniq_harold
Lair:3:   infiniplex_staircase_pool
Lair:4:   minmay_swamp_entry_worms, minmay_snake_entry_six_corridors,
          serial_bayou_shore_a, grunt_megastairs_5, uniq_snorg

Skill      XL: |  1  2  3  4  5  6  7  8  9 10 11 |
---------------+----------------------------------+-----
Maces & Flails | 3 4 5 6 8 9 12 13 14 | 14.2
Fighting       | 4 6 7 8 |  8.8
Armour         | 4 6 7 8 |  8.8
Dodging        | 2 4 5 7 |  7.2
Shields        | 4 6 7 8 |  8.5
Evocations     | 1 3 5 6 |  6.2
Invocations    | 1 |  1.5

Action                   |  1- 3 |  4- 6 |  7- 9 | 10-12 || total
-------------------------+-------+-------+-------+-------++-------
Melee: Flail             |    87 |    60 |   100 |       ||   247
       Whip              |       |       |   237 |   493 ||   730
 Fire: Hunting sling     |       |       |       |     2 ||     2
Throw: Stone             |     1 |     1 |       |     1 ||     3
       Javelin           |       |       |       |    11 ||    11
       Tomahawk          |       |       |       |     2 ||     2
       Throwing net      |       |       |       |     1 ||     1
Invok: Heroism           |       |       |     1 |     4 ||     5
  Use: Potion            |       |     1 |     2 |       ||     3
       Scroll            |       |       |     9 |     2 ||    11
 Stab: Held in net/web   |       |       |       |     2 ||     2
  Eat: Chunk             |     2 |     6 |    12 |    14 ||    34
       Pizza             |       |       |     1 |       ||     1
       Beef jerky        |       |       |     1 |       ||     1
       Fruit             |       |       |       |     4 ||     4
